 Dungeon Crawl Stone Soup version 0.21.1-1-g345015f (webtiles) character file.

417 Lilu the Destroyer (level 6, -7/32 HPs)
             Began as a Deep Elf Conjurer on July 26, 2018.
             Mangled by tyranidshit's ghost (10 damage)
             ... on level 4 of the Dungeon.
             The game lasted 00:23:22 (4849 turns).

Lilu the Destroyer (Deep Elf Conjurer)              Turns: 4849, Time: 00:23:23

Health: -7/32      AC:  5    Str:  7    XL:     6   Next: 61%
Magic:  3/12       EV: 16    Int: 20    God:
Gold:   181        SH:  0    Dex: 15    Spells: 4/11 levels left

rFire    . . .     SeeInvis .   g - +4 dagger
rCold    . . .     Gourm    .   (no shield)
rNeg     . . .     Faith    +   a - +0 robe
rPois    .         Spirit   .   r - +0 helmet
rElec    .         Reflect  .   A - +0 cloak
rCorr    .         Harm     .   (no gloves)
MR       .....                  u - +0 pair of boots
Stlth    ++........             v - amulet of faith
HPRegen  0.10/turn              C - +3 ring of evasion
MPRegen  0.13/turn              (no ring)

@: no status effects
A: no striking features
a: no special abilities


You were on level 4 of the Dungeon.
You were not hungry.

You visited 1 branch of the dungeon, and saw 4 of its levels.

You collected 181 gold pieces.

Inventory:

Hand Weapons
 d - a +0 mace
 g - a +4 dagger (weapon)
 w - a +2 dagger of freezing
 z - a +3 quarterstaff of chaos
Missiles
 j - 28 stones (quivered)
Armour
 a - a +0 robe (worn)
 r - a +0 helmet (worn)
 u - a +0 pair of boots (worn)
 A - a +0 cloak (worn)
Jewellery
 v - an amulet of faith (around neck)
 C - a +3 ring of evasion (left hand)
Scrolls
 e - a scroll of immolation {unknown}
 f - a scroll of enchant weapon {unknown}
 h - 5 scrolls of identify {unknown}
 k - a scroll of noise {unknown}
 m - 2 scrolls of magic mapping {unknown}
 n - 2 scrolls of enchant armour {unknown}
 q - a scroll of blinking {unknown}
 s - 2 scrolls of amnesia {unknown}
 t - 2 scrolls of remove curse {unknown}
 y - a scroll of teleportation {unknown}
Potions
 i - a potion of brilliance {unknown}
 l - a potion of ambrosia {unknown}
 o - a potion of invisibility {unknown}
 p - a potion of curing {unknown}
 x - a potion of flight {unknown}
Books
 b - a book of Conjurations

   Spells                             Type                      Level
   a - Magic Dart                     Conjuration                  1
   b - Searing Ray                    Conjuration                  2
   c - Dazzling Spray                 Conjuration/Hexes            3
   d - Fulminant Prism                Conjuration/Hexes            4
   e - Force Lance                    Conjuration/Translocation    4
   f - Iskenderun's Mystic Blast      Conjuration                  4
Comestibles
 c - 6 rations


   Skills:
 - Level 2.4 Dodging
 - Level 2.4 Stealth
 - Level 3.0 Spellcasting
 + Level 8.8 Conjurations


You had 4 spell levels left.
You knew the following spells:

 Your Spells              Type           Power        Failure   Level  Hunger
a - Magic Dart            Conj           ####         1%          1    None
b - Searing Ray           Conj           #####.       1%          2    ##.....
c - Iskenderun's Mystic   Conj           #####...     3%          4    ####...


Dungeon Overview and Level Annotations

Branches:
Dungeon (4/15)
 Temple: D:4-7

Altars:
Dithmenos
Trog
The Shining One

Annotations:
D:4 tyranidshit's ghost, amateur DsAK


Message History

Aim: tyranidshit's ghost (moderately damaged)
The searing ray hits tyranidshit's ghost.
Tyranidshit's ghost is moderately damaged. (Press . to maintain the ray.) Tyranidshit's ghost closely misses you.
The searing ray hits tyranidshit's ghost.
Tyranidshit's ghost is moderately damaged.
Tyranidshit's ghost hits you.
The searing ray hits tyranidshit's ghost.
Tyranidshit's ghost is moderately damaged.
Tyranidshit's ghost closely misses you.
The searing ray hits tyranidshit's ghost.
Tyranidshit's ghost is heavily damaged.
You finish channeling your searing ray.
Tyranidshit's ghost hits you!
Tyranidshit's ghost completely misses you.
Tyranidshit's ghost keens inconsolably.
Tyranidshit's ghost hits you!
* * * LOW HITPOINT WARNING * * *
Tyranidshit's ghost hits you!
You die...

#.##..#.######.#..###.#
..##........##.#......#
........###.##.#..###.#
..................# #.#
......#.###.##.#.## #.#
#.##....# #.##.#.####.#
#.##..#.# #.#.........#
#.##....###.#..#.####.########
.............).W@............#
#.##........<..######.#.######
#.#########..### #.#.# #.#
#...# #.#.# #W########...#
#.#.#
.....W.......########.#.#
#.########.#...W...##.#.# ..#
#.#######W##.#.# #.#
#......##.##.#.#


You could see tyranidshit's ghost.

Vanquished Creatures
  An ice beast (D:3)
  An orc priest (D:4)
  2 orc wizards
  Crazy Yiuf (D:3)
  A worker ant (D:4)
  A hound skeleton (D:4)
  4 gnolls (D:3)
  5 adders
  An ooze (D:1)
  2 worms (D:2)
  4 dart slugs
  A leopard gecko (D:3)
  13 orcs
  4 bats
  4 giant cockroaches
  7 goblins
  8 hobgoblins
  2 jackals (D:2)
  3 quokkas
  2 ball pythons
  6 frilled lizards
  7 kobolds
  4 rats
84 creatures vanquished.

Notes
Turn   | Place    | Note
-------+----------+-------------------------------------------
     0 | D:1      | Lilu the Deep Elf Conjurer began the quest for the Orb.
     0 | D:1      | Reached XP level 1. HP: 10/10 MP: 6/6
   170 | D:1      | Reached XP level 2. HP: 15/15 MP: 6/8
   212 | D:1      | Reached skill level 5 in Conjurations
   290 | D:1      | Learned a level 2 spell: Searing Ray
   698 | D:1      | Reached XP level 3. HP: 19/19 MP: 7/9
  1108 | D:2      | Found a shadowy altar of Dithmenos.
  1413 | D:2      | Reached skill level 6 in Conjurations
  1610 | D:2      | Reached XP level 4. HP: 24/24 MP: 5/10
  1799 | D:2      | Learned a level 4 spell: Iskenderun's Mystic Blast
  2433 | D:3      | Reached skill level 7 in Conjurations
  2433 | D:3      | Reached XP level 5. HP: 21/28 MP: 3/11
  2608 | D:3      | Noticed an ice beast
  2652 | D:3      | Found a glowing golden altar of the Shining One.
  3178 | D:3      | Found a runed door.
  3182 | D:3      | Noticed Crazy Yiuf
  3186 | D:3      | Killed Crazy Yiuf
  3881 | D:3      | Killed an ice beast
  3881 | D:3      | Reached skill level 8 in Conjurations
  3881 | D:3      | Reached XP level 6. HP: 32/32 MP: 1/12
  4408 | D:4      | Noticed tyranidshit's ghost (amateur DsAK)
  4445 | D:4      | Found a bloodstained altar of Trog.
  4849 | D:4      | Mangled by tyranidshit's ghost

Skill      XL: |  1  2  3  4  5 |
---------------+----------------+-----
Conjurations   | 5 6 7 8 |  8.8
Dodging        | |  2.4
Stealth        | |  2.4
Spellcasting   | |  3.0

Action                   |  1- 3 |  4- 6 || total
-------------------------+-------+-------++-------
Melee: Mace              |     2 |       ||     2
       Dagger            |     7 |       ||     7
 Cast: Magic Dart        |    54 |    61 ||   115
       Searing Ray       |     4 |    16 ||    20
       Iskenderun's Myst |       |    18 ||    18
  Eat: Chunk             |     2 |     8 ||    10
       Ration            |       |     2 ||     2
Armor: Robe              |     6 |     2 ||     8
Dodge: Dodged            |    14 |    18 ||    32
